Map: World of Sleepers LE

Players

Ratl - Winner!

  • Race: Protoss Protoss
  • Spawn Location: 7:00

VOD

Have the link to the VOD?

Description

Time

  • Played on: Oct. 29, 2019, 9:22 p.m.
  • Length: 26:57
Show
View Real Time Build Order
Export as new Build Order

Ratl Protoss - Winner!

Build Orders:  

Get SALT Encoding   

  12  0:09  Probe (Chrono Boost)  
  13  0:21  Probe (Chrono Boost)  
  14  0:34  Probe (Chrono Boost)  
  14  0:39  Pylon  
  15  0:46  Pylon  
  15  1:07  Probe (Chrono Boost)  
  16  1:11  Assimilator  
  16  1:22  Probe (Chrono Boost)  
  16  1:28  Assimilator  
  17  1:34  Probe (Chrono Boost)  
  18  1:45  Probe (Chrono Boost)  
  19  1:54  Gateway  
  19  2:03  Probe (Chrono Boost)  
  20  2:19  Probe (Chrono Boost)  
  21  2:34  Forge  
  21  2:36  Probe (Chrono Boost)  
  22  3:02  Zealot  
  24  3:14  Probe (Chrono Boost)  
  25  3:38  Cybernetics Core  
  25  3:40  Zealot  
  25  3:42  Pylon  
  25  3:47  Pylon  
  27  4:04  Pylon  
  27  4:18  Zealot  
  29  4:32  Nexus  
  29  4:56  Zealot  
  31  5:07  Protoss Ground Weapons Level 1  
  31  5:16  Gateway  
  31  5:27  Robotics Facility  
  31  5:30  Zealot (Chrono Boost)  
  31  5:35  Robotics Facility  
  33  5:59  Zealot (Chrono Boost)  
  35  6:24  Zealot (Chrono Boost)  
  37  6:30  Zealot (Chrono Boost)  
  37  6:32  Probe (Chrono Boost)  
  40  6:45  Probe (Chrono Boost)  
  41  7:00  Zealot  
  41  7:06  Zealot  
  41  7:08  Probe (Chrono Boost)  
  46  7:25  Probe (Chrono Boost)  
  47  7:36  Assimilator  
  47  7:37  Probe (Chrono Boost)  
  47  7:39  Assimilator  
  48  7:44  Zealot  
  48  7:49  Probe (Chrono Boost)  
  50  7:58  Probe (Chrono Boost)  
  52  8:00  Probe (Chrono Boost)  
  52  8:07  Protoss Ground Armor Level 1  
  53  8:11  Probe (Chrono Boost)  
  54  8:22  Zealot  
  54  8:23  Probe (Chrono Boost)  
  54  8:25  Robotics Bay  
  55  8:31  Twilight Council  
  55  8:39  Probe (Chrono Boost), Stargate  
  54  8:41  Stargate  
  54  8:52  Robotics Facility  
  54  8:56  Probe (Chrono Boost)  
  54  8:57  Photon Cannon  
  55  9:01  Photon Cannon  
  55  9:04  Photon Cannon  
  55  9:09  Pylon  
  55  9:13  Probe (Chrono Boost)  
  55  9:14  Pylon  
  56  9:36  Probe (Chrono Boost)  
  57  9:47  Probe (Chrono Boost)  
  58  10:01  Probe (Chrono Boost)  
  58  10:09  Immortal x2  
  67  10:10  Immortal  
  67  10:18  Probe (Chrono Boost)  
  72  10:27  Zealot  
  74  10:35  Probe (Chrono Boost)  
  75  10:54  Disruptor  
  75  11:04  Immortal  
  75  11:07  Protoss Shields Level 1  
  82  11:10  Nexus  
  82  11:13  Assimilator  
  82  11:19  Assimilator  
  82  11:21  Pylon  
  82  11:27  Pylon  
  82  12:12  Immortal (Chrono Boost)  
  82  12:13  Immortal x2 (Chrono Boost)  
  86  12:28  Probe (Chrono Boost)  
  94  12:38  Probe (Chrono Boost)  
  96  12:50  Probe  
  96  12:56  Zealot x2  
  101  13:05  Immortal x2 (Chrono Boost)  
  101  13:07  Probe  
  110  13:26  Probe (Chrono Boost)  
  110  13:28  Probe (Chrono Boost)  
  111  13:34  Zealot x2  
  116  13:44  Probe (Chrono Boost)  
  117  14:06  Probe (Chrono Boost)  
  114  14:12  Zealot  
  116  14:23  Probe (Chrono Boost)  
  117  14:33  Pylon  
  117  14:39  Pylon  
  117  14:43  Photon Cannon  
  117  14:46  Pylon  
  117  14:58  Zealot x2  
  122  15:00  Probe (Chrono Boost)  
  122  15:17  Probe (Chrono Boost)  
  123  15:25  Templar Archives  
  123  15:28  Fleet Beacon  
  123  15:32  Dark Shrine  
  123  15:36  Zealot x2  
  127  15:44  Protoss Ground Weapons Level 2 (Chrono Boost)  
  127  16:02  Immortal  
  127  16:03  Immortal x2  
  139  16:13  Probe  
  140  16:30  Probe  
  140  16:31  Pylon  
  141  16:50  Pylon  
  141  16:53  Psionic Storm  
  141  16:56  Zealot x2  
  141  16:57  Charge  
  145  17:00  Pylon  
  145  17:02  Anion Pulse-Crystals  
  145  17:08  Pylon  
  145  17:27  Gravitic Boosters  
  145  17:31  Zealot (Chrono Boost)  
  145  17:32  Pylon, Zealot (Chrono Boost)  
  149  17:42  Protoss Air Weapons Level 1  
  149  18:03  Zealot x2 (Chrono Boost)  
  153  18:23  Gravitic Drive  
  147  18:53  Protoss Ground Armor Level 2 (Chrono Boost)  
  137  19:47  Blink  
  135  20:00  Colossus x2  
  135  20:01  Colossus  
  153  20:10  Void Ray  
  153  20:17  Probe  
  153  20:19  Extended Thermal Lance  
  158  20:34  Probe  
  159  20:42  Protoss Air Armor Level 1  
  159  20:51  Probe  
  160  21:08  Probe  
  161  21:14  Nexus  
  161  21:15  Colossus x3  
  161  21:19  Assimilator  
  179  21:21  Assimilator  
  179  21:22  High Templar  
  179  21:23  Pylon  
  179  21:29  Pylon  
  179  21:36  Pylon  
  181  21:48  High Templar  
  183  22:17  High Templar  
  185  22:30  Colossus x2  
  185  22:32  Protoss Shields Level 2 (Chrono Boost)  
  197  22:43  Stalker  
  197  22:45  Unknown  
  199  22:59  Probe  
Tags
 
Add a new tag
Caveats
  • Supply blocks, unpowered buildings, or Contaminate may cause inaccurate times.
  • Supply counts are checked every 10 seconds.